Influenza vs Knights
(R2)
Created - May 18, 2018 at 20:15
Goals
|
| Influenza |
1 |
4 |
0 |
5 |
| Knights |
0 |
0 |
3 |
3 |
|
Shots
|
| Influenza |
7 |
18 |
2 |
27 |
| Knights |
10 |
6 |
16 |
32 |
|
1st period
1. Influenza , Charlie Coyle 3 (Beau Bennett 10, Oskars Bartulis 4) at 13:11
Penalties :
Oskars Bartulis (VJB) for Roughing (Minor) at 10:35, Nikita Gusev (VJB) for Hooking (Minor) at 16:32
2nd period
2. Influenza , Garnet Hathaway 3 (Mark Scheifele 12) at 2:49
3. Influenza , Jeremy Morin 6 (Mark Olver 8) at 3:07
4. Influenza , Lane MacDermid 4 (Oskars Bartulis 5, Jeremy Morin 11) at 7:25 (PP)
5. Influenza , Garnet Hathaway 4 (Mark Scheifele 13) at 9:12
Penalties :
Cody Bass (Lon) for Holding (Minor) at 0:23, Matt Corrente (VJB) for Holding (Minor) at 3:36, Kevin Hayes (Lon) for Tripping (Minor) at 6:24, Jeff May (VJB) for High sticking (Minor) at 14:13
3rd period
6. Knights , Jaccob Slavin 1 (Linden Vey 5, Kevin Hayes 8) at 10:19 (PP)
7. Knights , Jimmy Hayes 3 (Michael Raffl 8, Cody Bass 11) at 16:39 (PP)
8. Knights , Tom Wilson 2 (Jared Spurgeon 4) at 18:27 (PP)
Penalties :
Matt Corrente (VJB) for Holding (Minor) at 0:22, Scott Wilson (Lon) for Fighting (Major) at 2:44, Beau Bennett (VJB) for Fighting (Major) at 2:44, Beau Bennett (VJB) for instigated a fight (Minor) at 2:44, Beau Bennett (VJB) for instigated a fight (10 Minutes Misconduct) at 2:44, Jacob Josefson (VJB) for Roughing (Double Minor) at 7:33, Paul Ladue (VJB) for Hooking (Minor) at 11:02, Dmitry Sinitsyn (VJB) for Slashing (Minor) at 12:58, Matt Corrente (VJB) for Hooking (Minor) at 16:09, Jeremy Morin (VJB) for Holding (Minor) at 16:31
Goalie Stats
Alex Stalock (VJB), 29 saves from 32 shots - (0.906), W, 3-2-0, 60:00 minutes
Ben Scrivens (Lon), 17 saves from 22 shots - (0.773), L, 5-4-0, 29:12 minutes
Magnus Hellberg (Lon), 5 saves from 5 shots - (1.000), 30:48 minutes
Players Stats for Influenza
Player Name G A P +/- PIM S H SB GA TA FO MP PP MP PK MP
------------------------------------------------------------------------------------
Beau Bennett 0 1 1 1 17 2 1 0 1 0 1/1 12:31 0:37 3:15
Charlie Coyle 1 0 1 1 0 1 0 0 0 0 9/10 17:33 0:39 6:44
Dmitry Sinitsyn 0 0 0 1 2 0 0 3 0 0 0/0 11:43 0:00 4:34
Garnet Hathaway 2 0 2 2 0 3 1 1 0 0 0/0 7:55 0:00 0:00
Jacob Josefson 0 0 0 0 4 0 0 0 0 0 0/0 1:43 0:02 0:00
Jamie Devane 0 0 0 0 0 0 0 0 0 0 0/0 3:09 0:00 2:59
Jeff May 0 0 0 0 2 3 1 0 0 0 0/0 19:08 0:39 7:39
Jeremy Morin 1 1 2 1 2 6 1 0 1 0 12/20 24:53 2:21 10:25
Jesse Graham 0 0 0 2 0 0 0 0 0 0 0/0 6:00 0:00 1:04
Jimmy Vesey 0 0 0 0 0 1 0 0 0 0 0/1 9:32 0:37 0:00
Joe Morrow 0 0 0 2 0 0 0 1 0 0 0/0 8:50 0:00 0:32
Johan Larsson 0 0 0 0 0 0 2 0 0 0 0/0 5:42 0:00 0:00
Jordan Schroeder 0 0 0 0 0 1 0 0 0 0 1/3 5:42 0:00 0:00
Josh Andrerson 0 0 0 0 0 0 1 1 0 0 1/2 6:02 0:00 5:43
Lane MacDermid 1 0 1 1 0 4 1 0 0 0 0/3 14:17 2:21 0:00
Mark Olver 0 1 1 1 0 3 2 2 2 3 8/16 25:26 2:21 11:04
Mark Scheifele 0 2 2 2 0 0 2 0 0 0 4/6 9:21 0:00 1:26
Matt Corrente 0 0 0 1 6 2 2 1 2 2 0/0 25:19 2:21 9:17
Nikita Gusev 0 0 0 2 2 0 1 0 0 0 0/1 7:47 0:00 0:00
Oskars Bartulis 0 2 2 2 2 0 0 2 0 0 0/0 27:34 2:21 10:58
Paul Ladue 0 0 0 0 2 0 4 0 0 0 0/0 18:49 0:39 7:41
Rocco Grimaldi 0 0 0 0 0 0 0 0 0 0 0/0 0:00 0:00 0:00
Ryan Sproul 0 0 0 1 0 0 0 0 0 1 0/0 3:40 0:00 0:00
Tom Kuhnhackl 0 0 0 0 0 1 1 0 0 0 0/0 5:42 0:00 0:00
Vince Rocco 0 0 0 0 0 0 0 0 0 0 0/0 0:29 0:02 0:00
Players Stats for Knights
Player Name G A P +/- PIM S H SB GA TA FO MP PP MP PK MP
------------------------------------------------------------------------------------
A.J. Jenks 0 0 0 -2 0 1 0 0 1 0 1/1 8:12 0:00 0:00
Alan Quine 0 0 0 0 0 2 0 0 1 0 3/8 6:45 0:00 0:00
Cody Bass 0 1 1 -1 2 2 2 0 0 0 13/31 23:44 10:59 0:24
Jaccob Slavin 1 0 1 -1 0 1 2 0 0 1 0/0 18:56 8:08 0:00
Jacob Trouba 0 0 0 -2 0 1 3 1 0 1 0/0 12:28 0:00 0:35
Jared Spurgeon 0 1 1 -1 0 2 1 2 0 0 0/0 28:36 12:45 2:25
Jimmy Hayes 1 0 1 -2 0 1 3 0 1 0 0/1 20:38 10:54 0:37
Jordan Martinook 0 0 0 -1 0 0 0 0 0 0 0/0 8:08 0:00 0:00
Kevin Hayes 0 1 1 -1 2 2 2 0 1 0 1/1 21:06 9:45 0:00
Linden Vey 0 1 1 0 0 6 1 0 0 0 0/0 17:05 9:45 0:00
Michael Matheson 0 0 0 0 0 0 1 0 0 1 0/0 9:28 0:00 0:35
Michael Raffl 0 1 1 -1 0 2 4 1 0 0 1/2 25:04 11:03 1:51
Nikita Nikitin 0 0 0 -3 0 6 0 1 0 1 0/0 21:56 8:08 0:00
Noel Acciari 0 0 0 -2 0 2 1 1 0 0 6/13 20:27 9:50 1:14
Scott Wilson 0 0 0 0 5 0 0 0 1 0 0/0 7:22 0:00 1:09
Stefan Matteau 0 0 0 -1 0 0 0 0 1 0 2/6 9:19 0:09 0:45
Tom Wilson 1 0 1 -1 0 1 0 1 0 0 0/0 9:07 0:14 0:00
Tomas Kundratek 0 0 0 -1 0 3 4 2 0 2 0/0 28:36 12:45 2:25
3 Stars
1 - Garnet Hathaway (VJB)
2 - Mark Scheifele (VJB)
3 - Jeremy Morin (VJB)
Power Play
Influenza - 1 on 2 Attempt(s) - 50.00%
Knights - 3 on 12 Attempt(s) - 25.00%
Penalty Kill
Influenza - 9 on 12 Attempt(s) - 75.00%
- Score 0 goal in Penalty Kill
Knights - 1 on 2 Attempt(s) - 50.00%
- Score 0 goal in Penalty Kill
Team Stat
Influenza - Hits : 20 - Faceoff Wins : 36 - Blocked Shots : 11 - Penalty Minutes : 39
Knights - Hits : 24 - Faceoff Wins : 27 - Blocked Shots : 9 - Penalty Minutes : 9
Official
Referees : Joannette Marc and Martell Rob
Linesman : Don Henderson and Tim Nowak
Game Notes
Magnus Hellberg enters game at 9:12 of 2nd period
Scott Wilson and Beau Bennett fight to a draw at 2:44 of 3rd period
Finance
Level 1 -- Attendance: 2000 (100.00%) -- Ticket Income $66,000
Level 2 -- Attendance: 1000 (100.00%) -- Ticket Income $18,000
Total Attendance: 3000 (100.00%)
Total Ticket Income: $84,000
Other Income: $4,200
Total Income: $88,200
Influenza
5 vs 5 Forward
Center Left Wing Right Wing Time % Phy DF OF
1 Mark Olver Lane MacDermid Jeremy Morin 40 1 2 2
2 Charlie Coyle Jimmy Vesey Beau Bennett 30 1 2 2
3 Mark Scheifele Nikita Gusev Garnet Hathaway 20 1 2 2
4 Jordan Schroeder Johan Larsson Tom Kuhnhackl 10 1 2 2
5 vs 5 Defense
Defense Defense Time % Phy DF OF
1 Matt Corrente Oskars Bartulis 40 1 2 2
2 Paul Ladue Jeff May 30 1 2 2
3 Joe Morrow Dmitry Sinitsyn 20 1 2 2
4 Jesse Graham Ryan Sproul 10 1 2 2
PowerPlay Forward
Center Left Wing Right Wing Time % Phy DF OF
1 Mark Olver Lane MacDermid Jeremy Morin 60 1 2 2
2 Charlie Coyle Jimmy Vesey Beau Bennett 40 1 2 2
PowerPlay Defense
Defense Defense Time % Phy DF OF
1 Matt Corrente Oskars Bartulis 60 1 2 2
2 Paul Ladue Jeff May 40 1 2 2
Penalty Kill 4 Players Forward
Center Wing Time % Phy DF OF
1 Jeremy Morin Mark Olver 60 1 2 2
2 Charlie Coyle Beau Bennett 40 1 2 2
Penalty Kill 4 Players Defense
Defense Defense Time % Phy DF OF
1 Matt Corrente Oskars Bartulis 60 1 2 2
2 Paul Ladue Jeff May 40 1 2 2
Penalty Kill - 3 Players Forward
Forward Time % Phy DF OF
1 Jeremy Morin 60 1 2 2
2 Mark Olver 40 1 2 2
Penalty Kill - 3 Players Defense
Defense Defense Time % Phy DF OF
1 Matt Corrente Oskars Bartulis 60 1 2 2
2 Paul Ladue Jeff May 40 1 2 2
4 vs 4 Forward
Center Wing Time % Phy DF OF
1 Jeremy Morin Mark Olver 60 1 2 2
2 Charlie Coyle Beau Bennett 40 1 2 2
4 vs 4 Defense
Defense Defense Time % Phy DF OF
1 Matt Corrente Oskars Bartulis 60 1 2 2
2 Paul Ladue Jeff May 40 1 2 2
Last Minutes Offensive
Center Left Wing Right Wing Defense Defense
Mark Olver Lane MacDermid Jeremy Morin Matt Corrente Oskars Bartulis
Last Minutes Defensive
Center Left Wing Right Wing Defense Defense
Mark Olver Lane MacDermid Jeremy Morin Matt Corrente Oskars Bartulis
Goaltenders
Starting : Alex Stalock
Backup : Thomas McCollum
Extra Forwards
Normal : Jacob Josefson, Vince Rocco, Josh Andrerson - PP : Jacob Josefson, Vince Rocco - PK : Josh Andrerson
Extra Defensemen
Normal : Joe Morrow, Dmitry Sinitsyn, Jesse Graham - PP : Joe Morrow - PK : Dmitry Sinitsyn, Jesse Graham
Penalty Shots
Jeremy Morin, Mark Olver, Charlie Coyle, Beau Bennett, Mark Scheifele
Scratches
Iiro Pakarinen (Suspend), Fredric Larsson (Healthy), Tim Erixon (Right Eye Injury), Mathieu Carle (Right Hand Injury), T.J Galiardi (Fractured Right Foot Injury)
Tyson Sexsmith (Healthy)
Knights
5 vs 5 Forward
Center Left Wing Right Wing Time % Phy DF OF
1 Cody Bass Michael Raffl Kevin Hayes 40 1 2 2
2 Noel Acciari A.J. Jenks Jimmy Hayes 30 2 1 2
3 Alan Quine Scott Wilson Linden Vey 20 1 2 2
4 Stefan Matteau Jordan Martinook Tom Wilson 10 2 2 1
5 vs 5 Defense
Defense Defense Time % Phy DF OF
1 Tomas Kundratek Jared Spurgeon 40 2 2 1
2 Nikita Nikitin Jacob Trouba 30 0 4 1
3 Michael Matheson Jaccob Slavin 20 1 2 2
4 Tomas Kundratek Jared Spurgeon 10 1 2 2
PowerPlay Forward
Center Left Wing Right Wing Time % Phy DF OF
1 Cody Bass Michael Raffl Jimmy Hayes 60 1 1 3
2 Noel Acciari Linden Vey Kevin Hayes 40 1 1 3
PowerPlay Defense
Defense Defense Time % Phy DF OF
1 Jared Spurgeon Tomas Kundratek 60 0 2 3
2 Nikita Nikitin Jaccob Slavin 40 0 2 3
Penalty Kill 4 Players Forward
Center Wing Time % Phy DF OF
1 Cody Bass Michael Raffl 60 1 3 1
2 Jimmy Hayes Kevin Hayes 40 1 3 1
Penalty Kill 4 Players Defense
Defense Defense Time % Phy DF OF
1 Jared Spurgeon Tomas Kundratek 60 1 3 1
2 Michael Matheson Jacob Trouba 40 1 3 1
Penalty Kill - 3 Players Forward
Forward Time % Phy DF OF
1 Noel Acciari 60 0 4 1
2 Kevin Hayes 40 0 4 1
Penalty Kill - 3 Players Defense
Defense Defense Time % Phy DF OF
1 Jared Spurgeon Tomas Kundratek 60 1 3 1
2 Jacob Trouba Michael Matheson 40 1 3 1
4 vs 4 Forward
Center Wing Time % Phy DF OF
1 Noel Acciari Michael Raffl 60 1 2 2
2 Cody Bass Kevin Hayes 40 1 2 2
4 vs 4 Defense
Defense Defense Time % Phy DF OF
1 Nikita Nikitin Jared Spurgeon 60 1 2 2
2 Jacob Trouba Tomas Kundratek 40 1 2 2
Last Minutes Offensive
Center Left Wing Right Wing Defense Defense
Cody Bass Michael Raffl Jimmy Hayes Jared Spurgeon Nikita Nikitin
Last Minutes Defensive
Center Left Wing Right Wing Defense Defense
Cody Bass Michael Raffl Kevin Hayes Jared Spurgeon Tomas Kundratek
Goaltenders
Starting : Ben Scrivens
Backup : Magnus Hellberg
Extra Forwards
Normal : Tom Wilson, Noel Acciari, Michael Raffl - PP : Tom Wilson, Michael Raffl - PK : Michael Raffl
Extra Defensemen
Normal : Jared Spurgeon, Nikita Nikitin, Jacob Trouba - PP : Jared Spurgeon - PK : Jared Spurgeon, Jacob Trouba
Penalty Shots
Michael Raffl, Noel Acciari, Linden Vey, Tom Wilson, Kevin Hayes
Scratches
Brendan Gaunce (Groin Injury), Zach Budish (Healthy), Jordan Weal (Healthy), Collin Miller (Healthy), Matt Puempel (Healthy)
David Shields (Healthy), Matthew Benning (Healthy), Matt Grzelcyk (Healthy), Brett Connolly (Healthy), Travis Boyd (Healthy)
Zach Trotman (Healthy), Scott Jackson (Healthy), Connor Knapp (Healthy)
% Time on Ice - Influenza
Lines # - Real PCT - Wanted PCT - Time Play
Normal Forward
1 - 34% - 40% - 12:16
2 - 29% - 30% - 10:23
3 - 22% - 20% - 7:46
4 - 16% - 10% - 5:42
Normal Defense
1 - 40% - 40% - 14:28
2 - 30% - 30% - 10:51
3 - 20% - 20% - 7:08
4 - 10% - 10% - 3:40
PP Forward
1 - 78% - 60% - 2:21
2 - 22% - 40% - 0:39
PP Defense
1 - 78% - 60% - 2:21
2 - 22% - 40% - 0:39
PK Forward
1 - 67% - 60% - 13:58
2 - 33% - 40% - 6:44
PK Defense
1 - 58% - 60% - 12:03
2 - 42% - 40% - 8:39
PK3 Forward
1 - 100% - 60% - 0:11
2 - 0% - 40% - 0:00
PK3 Defense
1 - 100% - 60% - 0:11
2 - 0% - 40% - 0:00
44 Forward
1 - 0% - 60%
2 - 0% - 40%
44 Defense
1 - 0% - 60%
2 - 0% - 40%
Last Minute Offensive - 0:00
Last Minute Defensive - 0:00
Total
Forward - 60:00
Defense - 60:00
|
% Time on Ice - Knights
Lines # - Real PCT - Wanted PCT - Time Play
Normal Forward
1 - 36% - 40% - 12:50
2 - 23% - 30% - 8:24
3 - 19% - 20% - 6:45
4 - 23% - 10% - 8:08
Normal Defense
1 - 37% - 40% - 13:13
2 - 38% - 30% - 13:48
3 - 25% - 20% - 8:53
4 - 1% - 10% - 0:13
PP Forward
1 - 53% - 60% - 11:03
2 - 47% - 40% - 9:50
PP Defense
1 - 61% - 60% - 12:45
2 - 39% - 40% - 8:08
PK Forward
1 - 79% - 60% - 2:23
2 - 21% - 40% - 0:37
PK Defense
1 - 81% - 60% - 2:25
2 - 19% - 40% - 0:35
PK3 Forward
1 - 0% - 60%
2 - 0% - 40%
PK3 Defense
1 - 0% - 60%
2 - 0% - 40%
44 Forward
1 - 0% - 60%
2 - 0% - 40%
44 Defense
1 - 0% - 60%
2 - 0% - 40%
Last Minute Offensive - 0:00
Last Minute Defensive - 0:00
Total
Forward - 60:00
Defense - 60:00
|
Play by Play
1st period
0:01 of 1st period - Cody Bass wins face-off versus Mark Olver in neutral zone.
0:04 of 1st period - Jeremy Morin is hit by Tomas Kundratek and loses puck.
0:13 of 1st period - Tomas Kundratek is hit by Matt Corrente.
0:17 of 1st period - Oskars Bartulis is hit by Michael Raffl and loses puck.
0:32 of 1st period - Snap shot by Linden Vey.
0:32 of 1st period - Shot Misses the Net.
0:34 of 1st period - Slapshot by Tomas Kundratek.
0:34 of 1st period - Deflect By Alan Quine.
0:34 of 1st period - Stopped by Alex Stalock with a rebound.
0:36 of 1st period - Slapshot by Scott Wilson.
0:36 of 1st period - Shot Hit the Post.
0:38 of 1st period - Slapshot by Tomas Kundratek.
0:38 of 1st period - Stopped by Alex Stalock without a rebound.
0:39 of 1st period - Charlie Coyle wins face-off versus Noel Acciari in Influenza zone.
0:46 of 1st period - Snap shot by Beau Bennett.
0:46 of 1st period - Shot Misses the Net.
0:48 of 1st period - Snap shot by Jeff May.
0:48 of 1st period - Stopped by Ben Scrivens with a rebound.
0:50 of 1st period - Wrist shot by Jimmy Vesey.
0:50 of 1st period - Stopped by Ben Scrivens with a rebound.
1:04 of 1st period - Jacob Trouba is hit by Mark Scheifele and loses puck.
1:29 of 1st period - Dmitry Sinitsyn is hit by Jaccob Slavin and loses puck.
1:43 of 1st period - Off-side.
1:44 of 1st period - Beau Bennett wins face-off versus Alan Quine in neutral zone.
2:00 of 1st period - Off-side.
2:01 of 1st period - A.J. Jenks wins face-off versus Mark Olver in neutral zone.
2:28 of 1st period - Michael Raffl is hit by Matt Corrente and loses puck.
2:37 of 1st period - Matt Corrente is hit by Michael Raffl and loses puck.
3:07 of 1st period - Icing by Jaccob Slavin.
3:08 of 1st period - Jordan Schroeder wins face-off versus Alan Quine in Knights zone.
3:08 of 1st period - Jeff May is hit by Michael Matheson and loses puck.
3:46 of 1st period - Wrist shot by Lane MacDermid.
3:46 of 1st period - Shot Misses the Net.
4:24 of 1st period - Slapshot by Mark Scheifele.
4:24 of 1st period - Shot Misses the Net.
4:38 of 1st period - Wrist shot by A.J. Jenks.
4:38 of 1st period - Shot Blocked by Joe Morrow.
4:40 of 1st period - Snap shot by Jacob Trouba.
4:40 of 1st period - Stopped by Alex Stalock without a rebound.
4:41 of 1st period - Noel Acciari wins face-off versus Mark Olver in Influenza zone.
4:42 of 1st period - Wrist shot by Jimmy Hayes.
4:42 of 1st period - Deflect By A.J. Jenks.
4:42 of 1st period - Stopped by Alex Stalock without a rebound.
4:43 of 1st period - Cody Bass wins face-off versus Mark Olver in Influenza zone.
5:22 of 1st period - Charlie Coyle is hit by Jimmy Hayes and loses puck.
5:33 of 1st period - Wrist shot by Garnet Hathaway.
5:33 of 1st period - Shot Misses the Net.
5:57 of 1st period - Snap shot by Mark Olver.
5:57 of 1st period - Stopped by Ben Scrivens with a rebound.
6:01 of 1st period - Snap shot by Lane MacDermid.
6:01 of 1st period - Stopped by Ben Scrivens with a rebound.
6:15 of 1st period - Oskars Bartulis is hit by Michael Raffl and loses puck.
6:26 of 1st period - Snap shot by Kevin Hayes.
6:26 of 1st period - Shot Misses the Net.
6:28 of 1st period - Wrist shot by Nikita Nikitin.
6:28 of 1st period - Stopped by Alex Stalock with a rebound.
6:39 of 1st period - Off-side.
6:40 of 1st period - Noel Acciari wins face-off versus Mark Olver in neutral zone.
7:16 of 1st period - Wrist shot by Michael Raffl.
7:16 of 1st period - Stopped by Alex Stalock without a rebound.
7:17 of 1st period - Alan Quine wins face-off versus Lane MacDermid in Influenza zone.
7:20 of 1st period - Snap shot by Linden Vey.
7:20 of 1st period - Stopped by Alex Stalock with a rebound.
7:22 of 1st period - Snap shot by Linden Vey.
7:22 of 1st period - Stopped by Alex Stalock with a rebound.
8:08 of 1st period - Charlie Coyle is hit by Jacob Trouba and loses puck.
8:25 of 1st period - Icing by Nikita Nikitin.
8:26 of 1st period - Mark Olver wins face-off versus Stefan Matteau in Knights zone.
9:02 of 1st period - Michael Matheson is hit by Jeff May and loses puck.
9:45 of 1st period - Snap shot by Jordan Schroeder.
9:45 of 1st period - Shot Blocked by Noel Acciari.
9:57 of 1st period - Jared Spurgeon is hit by Lane MacDermid and loses puck.
10:35 of 1st period - Minor Penalty to Oskars Bartulis for Roughing.
10:36 of 1st period - Jeremy Morin wins face-off versus Cody Bass in Influenza zone.
10:36 of 1st period - Jeremy Morin is hit by Michael Raffl.
12:35 of 1st period - Penalty to Oskars Bartulis is over, Oskars Bartulis is back on ice.
13:09 of 1st period - Slapshot by Beau Bennett.
13:09 of 1st period - Deflect By Nikita Nikitin.
13:09 of 1st period - Stopped by Ben Scrivens with a rebound.
13:11 of 1st period - Wrist shot by Charlie Coyle.
13:11 of 1st period - Goal by Charlie Coyle - Influenza : 1 - Knights : 0.
13:12 of 1st period - Mark Olver wins face-off versus Cody Bass in neutral zone.
14:00 of 1st period - Slapshot by Nikita Nikitin.
14:00 of 1st period - Stopped by Alex Stalock without a rebound.
14:01 of 1st period - Stefan Matteau wins face-off versus Mark Olver in Influenza zone.
15:18 of 1st period - Alan Quine is hit by Paul Ladue and loses puck.
16:32 of 1st period - Minor Penalty to Nikita Gusev for Hooking.
16:33 of 1st period - Cody Bass wins face-off versus Jeremy Morin in Influenza zone.
17:08 of 1st period - Wrist shot by Beau Bennett.
17:08 of 1st period - Shot Misses the Net.
18:32 of 1st period - Penalty to Nikita Gusev is over, Nikita Gusev is back on ice.
19:06 of 1st period - Wrist shot by Tom Kuhnhackl.
19:06 of 1st period - Stopped by Ben Scrivens without a rebound.
19:07 of 1st period - Charlie Coyle wins face-off versus Alan Quine in Knights zone.
19:34 of 1st period - Noel Acciari is hit by Jeremy Morin.
19:48 of 1st period - Wrist shot by Cody Bass.
19:48 of 1st period - Shot Misses the Net.
19:50 of 1st period - Snap shot by Nikita Nikitin.
19:50 of 1st period - Shot Blocked by Matt Corrente.
19:52 of 1st period - Slapshot by Nikita Nikitin.
19:52 of 1st period - Stopped by Alex Stalock without a rebound.
19:53 of 1st period - Mark Olver wins face-off versus Cody Bass in Influenza zone.
19:59 of 1st period - Off-side.
Goals for this period are 1 for Influenza vs 0 for Knights.
Shots for this period are 7 for Influenza vs 10 for Knights.
2nd period
0:01 of 2nd period - Jeremy Morin wins face-off versus Cody Bass in neutral zone.
0:23 of 2nd period - Minor Penalty to Cody Bass for Holding.
0:24 of 2nd period - Mark Olver wins face-off versus Noel Acciari in Knights zone.
0:29 of 2nd period - Wrist shot by Jeremy Morin.
0:29 of 2nd period - Shot Misses the Net.
0:31 of 2nd period - Wrist shot by Mark Olver.
0:31 of 2nd period - Stopped by Ben Scrivens without a rebound.
0:32 of 2nd period - Jeremy Morin wins face-off versus Noel Acciari in Knights zone.
0:33 of 2nd period - Wrist shot by Lane MacDermid.
0:33 of 2nd period - Shot Misses the Net.
0:35 of 2nd period - Slapshot by Oskars Bartulis.
0:35 of 2nd period - Shot Blocked by Tomas Kundratek.
0:37 of 2nd period - Wrist shot by Matt Corrente.
0:37 of 2nd period - Shot Blocked by Michael Raffl.
0:59 of 2nd period - Slapshot by Jeremy Morin.
0:59 of 2nd period - Stopped by Ben Scrivens with a rebound.
1:03 of 2nd period - Wrist shot by Jeremy Morin.
1:03 of 2nd period - Stopped by Ben Scrivens with a rebound.
1:37 of 2nd period - Snap shot by Mark Olver.
1:37 of 2nd period - Shot Misses the Net.
1:39 of 2nd period - Slapshot by Oskars Bartulis.
1:39 of 2nd period - Shot Misses the Net.
1:41 of 2nd period - Slapshot by Oskars Bartulis.
1:41 of 2nd period - Shot Misses the Net.
1:43 of 2nd period - Snap shot by Lane MacDermid.
1:43 of 2nd period - Stopped by Ben Scrivens without a rebound.
1:44 of 2nd period - Charlie Coyle wins face-off versus Noel Acciari in Knights zone.
2:23 of 2nd period - Penalty to Cody Bass is over, Cody Bass is back on ice.
2:47 of 2nd period - Snap shot by Garnet Hathaway.
2:47 of 2nd period - Stopped by Ben Scrivens without a rebound.
2:48 of 2nd period - Mark Scheifele wins face-off versus Noel Acciari in Knights zone.
2:49 of 2nd period - Wrist shot by Garnet Hathaway.
2:49 of 2nd period - Goal by Garnet Hathaway - Influenza : 2 - Knights : 0.
2:50 of 2nd period - Jeremy Morin wins face-off versus Cody Bass in neutral zone.
2:53 of 2nd period - Snap shot by Jeremy Morin.
2:53 of 2nd period - Shot Blocked by Jacob Trouba.
2:59 of 2nd period - Wrist shot by Mark Olver.
2:59 of 2nd period - Stopped by Ben Scrivens without a rebound.
3:00 of 2nd period - Mark Olver wins face-off versus Cody Bass in Knights zone.
3:03 of 2nd period - Snap shot by Jeremy Morin.
3:03 of 2nd period - Stopped by Ben Scrivens with a rebound.
3:05 of 2nd period - Snap shot by Mark Olver.
3:05 of 2nd period - Shot Misses the Net.
3:07 of 2nd period - Snap shot by Jeremy Morin.
3:07 of 2nd period - Goal by Jeremy Morin - Influenza : 3 - Knights : 0.
3:08 of 2nd period - Michael Raffl wins face-off versus Lane MacDermid in neutral zone.
3:36 of 2nd period - Minor Penalty to Matt Corrente for Holding.
3:37 of 2nd period - Cody Bass wins face-off versus Jeremy Morin in Influenza zone.
3:48 of 2nd period - Wrist shot by Jimmy Hayes.
3:48 of 2nd period - Shot Blocked by Dmitry Sinitsyn.
4:04 of 2nd period - Linden Vey is hit by Beau Bennett and loses puck.
4:09 of 2nd period - Wrist shot by Beau Bennett.
4:09 of 2nd period - Stopped by Ben Scrivens without a rebound.
4:10 of 2nd period - Charlie Coyle wins face-off versus Cody Bass in Knights zone.
5:36 of 2nd period - Penalty to Matt Corrente is over, Matt Corrente is back on ice.
5:44 of 2nd period - Icing by Jeremy Morin.
5:45 of 2nd period - Mark Scheifele wins face-off versus Stefan Matteau in Influenza zone.
6:10 of 2nd period - Joe Morrow is hit by Tomas Kundratek.
6:15 of 2nd period - Off-side.
6:16 of 2nd period - Mark Olver wins face-off versus Cody Bass in neutral zone.
6:24 of 2nd period - Minor Penalty to Kevin Hayes for Tripping.
6:25 of 2nd period - Cody Bass wins face-off versus Mark Olver in Knights zone.
6:25 of 2nd period - Cody Bass is hit by Mark Olver.
7:15 of 2nd period - Wrist shot by Matt Corrente.
7:15 of 2nd period - Shot Blocked by Jared Spurgeon.
7:17 of 2nd period - Slapshot by Jeremy Morin.
7:17 of 2nd period - Stopped by Ben Scrivens with a rebound.
7:21 of 2nd period - Snap shot by Jeremy Morin.
7:21 of 2nd period - Stopped by Ben Scrivens with a rebound.
7:23 of 2nd period - Slapshot by Oskars Bartulis.
7:23 of 2nd period - Shot Blocked by Jared Spurgeon.
7:25 of 2nd period - Snap shot by Lane MacDermid.
7:25 of 2nd period - Goal by Lane MacDermid - Influenza : 4 - Knights : 0.
7:26 of 2nd period - Charlie Coyle wins face-off versus Cody Bass in neutral zone.
7:52 of 2nd period - Paul Ladue is hit by Jimmy Hayes and loses puck.
8:21 of 2nd period - Slapshot by Matt Corrente.
8:21 of 2nd period - Stopped by Ben Scrivens with a rebound.
9:05 of 2nd period - Jared Spurgeon is hit by Garnet Hathaway and loses puck.
9:10 of 2nd period - Wrist shot by Mark Scheifele.
9:10 of 2nd period - Shot Misses the Net.
9:12 of 2nd period - Slapshot by Garnet Hathaway.
9:12 of 2nd period - Goal by Garnet Hathaway - Influenza : 5 - Knights : 0.
9:12 of 2nd period - Magnus Hellberg enters game.
9:13 of 2nd period - Jeremy Morin wins face-off versus Cody Bass in neutral zone.
9:20 of 2nd period - Snap shot by Lane MacDermid.
9:20 of 2nd period - Stopped by Magnus Hellberg with a rebound.
10:08 of 2nd period - Snap shot by Alan Quine.
10:08 of 2nd period - Shot Blocked by Garnet Hathaway.
10:10 of 2nd period - Wrist shot by Linden Vey.
10:10 of 2nd period - Shot Misses the Net.
10:20 of 2nd period - Slapshot by Matt Corrente.
10:20 of 2nd period - Stopped by Magnus Hellberg without a rebound.
10:21 of 2nd period - Mark Olver wins face-off versus Stefan Matteau in Knights zone.
10:26 of 2nd period - Wrist shot by Jeremy Morin.
10:26 of 2nd period - Shot Misses the Net.
10:28 of 2nd period - Wrist shot by Jeremy Morin.
10:28 of 2nd period - Shot Misses the Net.
10:30 of 2nd period - Slapshot by Jeff May.
10:30 of 2nd period - Deflect By Michael Matheson.
10:30 of 2nd period - Stopped by Magnus Hellberg with a rebound.
10:48 of 2nd period - Slapshot by Michael Raffl.
10:48 of 2nd period - Deflect By Kevin Hayes.
10:48 of 2nd period - Stopped by Alex Stalock with a rebound.
10:50 of 2nd period - Wrist shot by Cody Bass.
10:50 of 2nd period - Stopped by Alex Stalock without a rebound.
10:51 of 2nd period - Kevin Hayes wins face-off versus Charlie Coyle in Influenza zone.
11:18 of 2nd period - Joe Morrow is hit by Noel Acciari and loses puck.
12:06 of 2nd period - Michael Raffl is hit by Paul Ladue and loses puck.
12:56 of 2nd period - Snap shot by Linden Vey.
12:56 of 2nd period - Shot Misses the Net.
13:02 of 2nd period - Joe Morrow is hit by Linden Vey and loses puck.
13:31 of 2nd period - Cody Bass is hit by Mark Olver and loses puck.
13:42 of 2nd period - Snap shot by Michael Raffl.
13:42 of 2nd period - Stopped by Alex Stalock without a rebound.
13:43 of 2nd period - Charlie Coyle wins face-off versus Noel Acciari in Influenza zone.
14:13 of 2nd period - Minor Penalty to Jeff May for High sticking.
14:14 of 2nd period - Cody Bass wins face-off versus Jeremy Morin in Influenza zone.
14:26 of 2nd period - Snap shot by Cody Bass.
14:26 of 2nd period - Shot Misses the Net.
14:44 of 2nd period - Wrist shot by Linden Vey.
14:44 of 2nd period - Shot Misses the Net.
14:46 of 2nd period - Slapshot by Jaccob Slavin.
14:46 of 2nd period - Shot Blocked by Mark Olver.
14:48 of 2nd period - Snap shot by Linden Vey.
14:48 of 2nd period - Stopped by Alex Stalock with a rebound.
14:50 of 2nd period - Snap shot by Noel Acciari.
14:50 of 2nd period - Stopped by Alex Stalock with a rebound.
15:30 of 2nd period - Paul Ladue is hit by Jared Spurgeon and loses puck.
16:13 of 2nd period - Penalty to Jeff May is over, Jeff May is back on ice.
16:23 of 2nd period - Snap shot by Stefan Matteau.
16:23 of 2nd period - Shot Misses the Net.
16:31 of 2nd period - Wrist shot by Charlie Coyle.
16:31 of 2nd period - Shot Misses the Net.
16:33 of 2nd period - Snap shot by Charlie Coyle.
16:33 of 2nd period - Deflect By Jeff May.
16:33 of 2nd period - Shot Misses the Net.
16:33 of 2nd period - Puck is out of play.
16:34 of 2nd period - Alan Quine wins face-off versus Mark Scheifele in Knights zone.
16:58 of 2nd period - Stefan Matteau is hit by Tom Kuhnhackl.
18:58 of 2nd period - Slapshot by Alan Quine.
18:58 of 2nd period - Stopped by Alex Stalock with a rebound.
19:00 of 2nd period - Slapshot by Alan Quine.
19:00 of 2nd period - Shot Misses the Net.
19:15 of 2nd period - Off-side.
19:16 of 2nd period - Mark Scheifele wins face-off versus Stefan Matteau in neutral zone.
19:45 of 2nd period - Matt Corrente is hit by Kevin Hayes and loses puck.
Goals for this period are 4 for Influenza vs 0 for Knights.
Shots for this period are 18 for Influenza vs 6 for Knights.
3rd period
0:01 of 3rd period - Mark Olver wins face-off versus Cody Bass in neutral zone.
0:22 of 3rd period - Minor Penalty to Matt Corrente for Holding.
0:23 of 3rd period - Jeremy Morin wins face-off versus Jimmy Hayes in Influenza zone.
0:48 of 3rd period - Oskars Bartulis is hit by Tomas Kundratek and loses puck.
2:22 of 3rd period - Penalty to Matt Corrente is over, Matt Corrente is back on ice.
2:33 of 3rd period - Icing by Nikita Nikitin.
2:34 of 3rd period - Stefan Matteau wins face-off versus Jordan Schroeder in Knights zone.
2:41 of 3rd period - Slapshot by Nikita Nikitin.
2:41 of 3rd period - Stopped by Alex Stalock without a rebound.
2:42 of 3rd period - Alan Quine wins face-off versus Jimmy Vesey in Influenza zone.
2:42 of 3rd period - Jaccob Slavin is hit by Paul Ladue and loses puck.
2:44 of 3rd period - Scott Wilson and Beau Bennett fight to a draw.
2:44 of 3rd period - Penalty to Scott Wilson for Fighting.
2:44 of 3rd period - Penalty to Beau Bennett for Fighting.
2:44 of 3rd period - Penalty to Beau Bennett for instigated a fight.
2:44 of 3rd period - Penalty to Beau Bennett for instigated a fight.
2:45 of 3rd period - Jeremy Morin wins face-off versus Cody Bass in Influenza zone.
2:45 of 3rd period - Jeremy Morin is hit by Cody Bass.
3:16 of 3rd period - Snap shot by Linden Vey.
3:16 of 3rd period - Shot Blocked by Oskars Bartulis.
3:18 of 3rd period - Slapshot by Kevin Hayes.
3:18 of 3rd period - Stopped by Alex Stalock with a rebound.
3:20 of 3rd period - Backhand shot by Linden Vey.
3:20 of 3rd period - Stopped by Alex Stalock without a rebound.
3:21 of 3rd period - Charlie Coyle wins face-off versus Cody Bass in Influenza zone.
3:21 of 3rd period - Charlie Coyle is hit by Cody Bass.
4:44 of 3rd period - Penalty to Beau Bennett is over, Garnet Hathaway is send on ice.
4:56 of 3rd period - Jared Spurgeon is hit by Johan Larsson and loses puck.
5:32 of 3rd period - Snap shot by Charlie Coyle.
5:32 of 3rd period - Shot Misses the Net.
5:48 of 3rd period - Backhand shot by Johan Larsson.
5:48 of 3rd period - Shot Blocked by Tom Wilson.
5:50 of 3rd period - Snap shot by Jeff May.
5:50 of 3rd period - Stopped by Magnus Hellberg with a rebound.
5:52 of 3rd period - Slapshot by Johan Larsson.
5:52 of 3rd period - Shot Hit the Post.
5:54 of 3rd period - Snap shot by Jordan Schroeder.
5:54 of 3rd period - Stopped by Magnus Hellberg without a rebound.
5:55 of 3rd period - Cody Bass wins face-off versus Jordan Schroeder in Knights zone.
5:55 of 3rd period - Cody Bass is hit by Johan Larsson.
6:13 of 3rd period - Jeff May is hit by Jacob Trouba and loses puck.
7:33 of 3rd period - Double Minor Penalty to Jacob Josefson for Roughing.
7:34 of 3rd period - Cody Bass wins face-off versus Jeremy Morin in Influenza zone.
7:34 of 3rd period - Snap shot by Jimmy Hayes.
7:34 of 3rd period - Deflect By Cody Bass.
7:34 of 3rd period - Stopped by Alex Stalock with a rebound.
7:36 of 3rd period - Slapshot by Tomas Kundratek.
7:36 of 3rd period - Shot Blocked by Mark Olver.
7:44 of 3rd period - Penalty to Beau Bennett is over, Josh Andrerson is send on ice.
7:45 of 3rd period - Off-side.
7:46 of 3rd period - Jeremy Morin wins face-off versus Cody Bass in neutral zone.
7:57 of 3rd period - Wrist shot by Mark Olver.
7:57 of 3rd period - Shot Misses the Net.
8:15 of 3rd period - Snap shot by Oskars Bartulis.
8:15 of 3rd period - Shot Blocked by Tomas Kundratek.
8:51 of 3rd period - Snap shot by Paul Ladue.
8:51 of 3rd period - Shot Blocked by Nikita Nikitin.
9:43 of 3rd period - Icing by Cody Bass.
9:44 of 3rd period - Jeremy Morin wins face-off versus Cody Bass in Knights zone.
9:50 of 3rd period - Icing by Michael Raffl.
9:51 of 3rd period - Noel Acciari wins face-off versus Jeremy Morin in Knights zone.
10:02 of 3rd period - Slapshot by Noel Acciari.
10:02 of 3rd period - Stopped by Alex Stalock without a rebound.
10:03 of 3rd period - Noel Acciari wins face-off versus Jeremy Morin in Influenza zone.
10:17 of 3rd period - Wrist shot by Linden Vey.
10:17 of 3rd period - Stopped by Alex Stalock with a rebound.
10:19 of 3rd period - Snap shot by Jaccob Slavin.
10:19 of 3rd period - Goal by Jaccob Slavin - Influenza : 5 - Knights : 1.
10:20 of 3rd period - Cody Bass wins face-off versus Lane MacDermid in neutral zone.
10:56 of 3rd period - Snap shot by A.J. Jenks.
10:56 of 3rd period - Shot Misses the Net.
10:58 of 3rd period - Slapshot by Tomas Kundratek.
10:58 of 3rd period - Stopped by Alex Stalock without a rebound.
10:59 of 3rd period - Charlie Coyle wins face-off versus Alan Quine in Influenza zone.
10:59 of 3rd period - Charlie Coyle is hit by Jacob Trouba.
11:02 of 3rd period - Minor Penalty to Paul Ladue for Hooking.
11:03 of 3rd period - Jeremy Morin wins face-off versus Cody Bass in Influenza zone.
11:29 of 3rd period - Jared Spurgeon is hit by Josh Andrerson and loses puck.
12:21 of 3rd period - Icing by Jared Spurgeon.
12:22 of 3rd period - Charlie Coyle wins face-off versus Cody Bass in Knights zone.
12:35 of 3rd period - Backhand shot by Tomas Kundratek.
12:35 of 3rd period - Shot Misses the Net.
12:37 of 3rd period - Slapshot by Tomas Kundratek.
12:37 of 3rd period - Stopped by Alex Stalock with a rebound.
12:39 of 3rd period - Backhand shot by Jared Spurgeon.
12:39 of 3rd period - Stopped by Alex Stalock without a rebound.
12:40 of 3rd period - Noel Acciari wins face-off versus Jeremy Morin in Influenza zone.
12:47 of 3rd period - Wrist shot by Kevin Hayes.
12:47 of 3rd period - Shot Blocked by Dmitry Sinitsyn.
12:49 of 3rd period - Slapshot by Nikita Nikitin.
12:49 of 3rd period - Stopped by Alex Stalock with a rebound.
12:51 of 3rd period - Snap shot by Nikita Nikitin.
12:51 of 3rd period - Shot Blocked by Dmitry Sinitsyn.
12:53 of 3rd period - Slapshot by Nikita Nikitin.
12:53 of 3rd period - Stopped by Alex Stalock with a rebound.
12:58 of 3rd period - Minor Penalty to Dmitry Sinitsyn for Slashing.
12:59 of 3rd period - Jeremy Morin wins face-off versus Michael Raffl in Influenza zone.
12:59 of 3rd period - Jeremy Morin is hit by Jimmy Hayes.
13:02 of 3rd period - Penalty to Paul Ladue is over, Paul Ladue is back on ice.
13:35 of 3rd period - Wrist shot by Linden Vey.
13:35 of 3rd period - Stopped by Alex Stalock with a rebound.
13:37 of 3rd period - Slapshot by Jared Spurgeon.
13:37 of 3rd period - Stopped by Alex Stalock without a rebound.
13:38 of 3rd period - Noel Acciari wins face-off versus Jeremy Morin in Influenza zone.
13:48 of 3rd period - Off-side.
13:49 of 3rd period - Cody Bass wins face-off versus Mark Olver in neutral zone.
14:25 of 3rd period - Jeff May is hit by Kevin Hayes and loses puck.
14:58 of 3rd period - Penalty to Dmitry Sinitsyn is over, Dmitry Sinitsyn is back on ice.
14:58 of 3rd period - Icing by Nikita Nikitin.
14:59 of 3rd period - Cody Bass wins face-off versus Mark Scheifele in Knights zone.
14:59 of 3rd period - Cody Bass is hit by Mark Scheifele.
15:02 of 3rd period - Icing by Nikita Nikitin.
15:03 of 3rd period - Cody Bass wins face-off versus Nikita Gusev in Knights zone.
15:03 of 3rd period - Cody Bass is hit by Nikita Gusev.
15:56 of 3rd period - Matt Corrente is hit by Jaccob Slavin and loses puck.
16:03 of 3rd period - Wrist shot by Linden Vey.
16:03 of 3rd period - Shot Blocked by Oskars Bartulis.
16:09 of 3rd period - Minor Penalty to Matt Corrente for Hooking.
16:10 of 3rd period - Jeremy Morin wins face-off versus Noel Acciari in Influenza zone.
16:31 of 3rd period - Minor Penalty to Jeremy Morin for Holding.
16:32 of 3rd period - Cody Bass wins face-off versus Josh Andrerson in Influenza zone.
16:35 of 3rd period - Snap shot by Cody Bass.
16:35 of 3rd period - Shot Blocked by Josh Andrerson.
16:37 of 3rd period - Snap shot by Cody Bass.
16:37 of 3rd period - Shot Misses the Net.
16:39 of 3rd period - Wrist shot by Michael Raffl.
16:39 of 3rd period - Deflect By Jimmy Hayes.
16:39 of 3rd period - Goal by Jimmy Hayes - Influenza : 5 - Knights : 2.
16:40 of 3rd period - Josh Andrerson wins face-off versus Cody Bass in neutral zone.
16:51 of 3rd period - Oskars Bartulis is hit by Tomas Kundratek and loses puck.
17:44 of 3rd period - 10 Minutes Misconduct Penalty to Beau Bennett is over.
18:27 of 3rd period - Slapshot by Tom Wilson.
18:27 of 3rd period - Goal by Tom Wilson - Influenza : 5 - Knights : 3.
18:28 of 3rd period - Mark Scheifele wins face-off versus Alan Quine in neutral zone.
18:53 of 3rd period - Kevin Hayes is hit by Paul Ladue and loses puck.
Goals for this period are 0 for Influenza vs 3 for Knights.
Shots for this period are 2 for Influenza vs 16 for Knights.
Back to the Top